NYP
SPOKANE INDIANS @ MAHONING VALLEY SCRAPPERS
07/30/2044
 
TOP OF THE 1ST
Spokane Indians batting - Pitching for Mahoning Valley Scrappers : RHP Jeff Degel
Pitching: RHP Jeff Degel
Batting: LHB Guo-ning Ren 0-0: Ball
1-0: Ball
2-0: Called Strike
2-1: Foul Ball, location: 2F
2-2: Ball
3-2: Fly out, F5 (Flyball, 5D, EV 91.2 MPH)
Batting: RHB Salvador Caldera 0-0: Ball
1-0: Ball
2-0: Called Strike
2-1: Called Strike
2-2: Ball
3-2: Foul Ball, location: 2F
3-2: Base on Balls
Batting: RHB Brian Morrison 0-0: Ball
1-0: Ball
2-0: Foul Ball, location: 2F
2-1: Ball
3-1: 2-RUN HOME RUN (Flyball, 89XD, EV 100.0 MPH), Distance : 414 ft
Batting: LHB William Hanley 0-0: Swinging Strike
0-1: Ball
1-1: DOUBLE (Flyball, 8LXD, EV 106.2 MPH)
Batting: RHB Roberto Gonzalez 0-0: Foul Ball, location: 2F
0-1: Ball
1-1: 2-RUN HOME RUN (Flyball, 78XD, EV 101.2 MPH), Distance : 412 ft
Batting: RHB Antonio Pacheco 0-0: Called Strike
0-1: Called Strike
0-2: Ball
1-2: Ball
2-2: Foul Ball, location: 2F
2-2: Fly out, F8 (Flyball, 8LXD, EV 83.8 MPH)
Batting: RHB Knud Prins 0-0: Ball
1-0: Called Strike
1-1: Fly out, F7 (Flyball, 7, EV 91.2 MPH)
Top of the 1st over - 4 runs, 3 hits, 0 errors, 0 left on base; Spokane 4 - Mahoning Valley 0
BOTTOM OF THE 1ST
Mahoning Valley Scrappers batting - Pitching for Spokane Indians : RHP Tse-peng Kuang
Pitching: RHP Tse-peng Kuang
Batting: LHB John Harring 0-0: Ball
1-0: Ball
2-0: Called Strike
2-1: Foul Ball, location: 2F
2-2: Ball
3-2: Strikes out swinging
Batting: RHB Juan Padilla 0-0: Swinging Strike
0-1: Fly out, F8 (Flyball, 89D, EV 98.8 MPH)
Batting: RHB Ryan Gautney 0-0: Hit by Pitch
Batting: SHB Joe Zeiset 0-0: Ball
1-0: Called Strike
1-1: Ball
2-1: Fly out, F8 (Flyball, 8LXD, EV 83.8 MPH)
Bottom of the 1st over - 0 runs, 0 hits, 0 errors, 1 left on base; Spokane 4 - Mahoning Valley 0
TOP OF THE 2ND
Spokane Indians batting - Pitching for Mahoning Valley Scrappers : RHP Jeff Degel
Batting: SHB Hatsuo Miura 0-0: Foul Ball, location: 2F
0-1: Ball
1-1: Foul Ball, location: 2F
1-2: Foul Ball, location: 2F
1-2: Ball
2-2: Ball
3-2: Base on Balls
Batting: LHB Akira Yamano 0-0: Foul Ball, location: 2F
0-1: Foul Ball, location: 2F
0-2: Strikes out swinging
Batting: LHB Guo-ning Ren 0-0: Ball
1-0: Foul Ball, location: 2F
1-1: Foul Ball, location: 2F
1-2: Strikes out swinging
Batting: RHB Salvador Caldera 0-0: Foul Ball, location: 2F
0-1: Swinging Strike
0-2: Strikes out swinging
Top of the 2nd over - 0 runs, 0 hits, 0 errors, 1 left on base; Spokane 4 - Mahoning Valley 0
BOTTOM OF THE 2ND
Mahoning Valley Scrappers batting - Pitching for Spokane Indians : RHP Tse-peng Kuang
Batting: LHB Devon Grant 0-0: Ball
1-0: Ground out 3-1 (Groundball, 34S, EV 80.6 MPH)
Batting: RHB Andy Lewis 0-0: Ball
1-0: Foul Ball, location: 2F
1-1: Ball
2-1: Foul Ball, location: 2F
2-2: Strikes out swinging
Batting: RHB Blake Kelly 0-0: Ball
1-0: Ball
2-0: Called Strike
2-1: Swinging Strike
2-2: Foul Ball, location: 2F
2-2: Strikes out looking
Bottom of the 2nd over - 0 runs, 0 hits, 0 errors, 0 left on base; Spokane 4 - Mahoning Valley 0
TOP OF THE 3RD
Spokane Indians batting - Pitching for Mahoning Valley Scrappers : RHP Jeff Degel
Batting: RHB Brian Morrison 0-0: Ball
1-0: Ball
2-0: Ball
3-0: Base on Balls
Batting: LHB William Hanley 0-0: Called Strike
0-1: Ball
1-1: Called Strike
Brian Morrison is caught stealing 2nd base 2-6
1-2: Ground out 4-3 (Groundball, 34D, EV 111.9 MPH)
Batting: RHB Roberto Gonzalez 0-0: Ball
1-0: SINGLE (Groundball, 56D, EV 100.6 MPH)
Batting: RHB Antonio Pacheco 0-0: Ball
1-0: Called Strike
1-1: Swinging Strike
1-2: Ball
2-2: Ball
3-2: Base on Balls
Roberto Gonzalez to second
Batting: RHB Knud Prins 0-0: Ball
1-0: Foul Ball, location: 2F
1-1: Foul Ball, location: 2F
1-2: DOUBLE (Flyball, 89D, EV 115.0 MPH)
Roberto Gonzalez scores
Antonio Pacheco to third
Runner from 3rd tries for Home, SAFE, throw by CF to home
Pitching: RHP Mario del Rio
Batting: SHB Hatsuo Miura 0-0: Ball
1-0: Foul Ball, location: 2F
1-1: Ball
2-1: Foul Ball, location: 2F
2-2: Ground out 6-3 (Groundball, 6MD, EV 106.9 MPH)
Top of the 3rd over - 2 runs, 2 hits, 0 errors, 1 left on base; Spokane 6 - Mahoning Valley 0
BOTTOM OF THE 3RD
Mahoning Valley Scrappers batting - Pitching for Spokane Indians : RHP Tse-peng Kuang
Batting: RHB Gashie Chimsima 0-0: Ball
1-0: SINGLE (Groundball, 3D, EV 96.2 MPH)
Batting: RHB Willie Gonzales 0-0: Fielders Choice at 2nd, 4-6 (Groundball, 34, EV 89.4 MPH)
Batting: LHB John Harring 0-0: Ball
1-0: Called Strike
1-1: Fielders Choice at 2nd, 4-6 (Groundball, 34, EV 80.6 MPH)
Batting: RHB Juan Padilla 0-0: Ball
1-0: Swinging Strike
1-1: Swinging Strike
1-2: Foul Ball, location: 2F
1-2: Ball
2-2: Foul Ball, location: 2F
2-2: Fly out, F8 (Line Drive, 8RD, EV 86.2 MPH)
Bottom of the 3rd over - 0 runs, 1 hit, 0 errors, 1 left on base; Spokane 6 - Mahoning Valley 0
TOP OF THE 4TH
Spokane Indians batting - Pitching for Mahoning Valley Scrappers : RHP Mario del Rio
Batting: LHB Akira Yamano 0-0: Ball
1-0: Ball
2-0: Ball
3-0: Base on Balls
Batting: LHB Guo-ning Ren 0-0: Ball
1-0: SINGLE (Groundball, 4MD, EV 96.9 MPH)
Akira Yamano to second
Batting: RHB Salvador Caldera 0-0: Ball
1-0: Swinging Strike
1-1: DOUBLE (Line Drive, 89D, EV 106.9 MPH)
Akira Yamano scores
Guo-ning Ren to third
Pinch Runner at 2nd Silvio Mulder:
Batting: RHB Brian Morrison 0-0: Ball
1-0: Ball
2-0: Foul Ball, location: 2F
2-1: Foul Ball, location: 2F
2-2: Ground out U3 (Groundball, 3, EV 86.9 MPH)
Batting: LHB William Hanley 0-0: Ball
Wild Pitch!
Guo-ning Ren scores
Silvio Mulder to third
1-0: Ball
2-0: Called Strike
2-1: Fly out, F8 (Flyball, 78S, EV 76.9 MPH)
Batting: RHB Roberto Gonzalez 0-0: Swinging Strike
0-1: Foul Ball, location: 2F
0-2: Fly out, F4 (Flyball, 4MD, EV 83.1 MPH)
Top of the 4th over - 2 runs, 2 hits, 0 errors, 1 left on base; Spokane 8 - Mahoning Valley 0
BOTTOM OF THE 4TH
Mahoning Valley Scrappers batting - Pitching for Spokane Indians : RHP Tse-peng Kuang
Now in CF: Silvio Mulder
Batting: RHB Ryan Gautney 0-0: Fly out, F7 (Flyball, 7LM, EV 83.1 MPH)
Batting: SHB Joe Zeiset 0-0: Ball
1-0: Ball
2-0: Ball
3-0: Base on Balls
Batting: LHB Devon Grant 0-0: Called Strike
0-1: Ball
1-1: Ball
2-1: Ball
3-1: Base on Balls
Joe Zeiset to second
Batting: RHB Andy Lewis 0-0: Ball
Passed Ball!
Joe Zeiset to third
Devon Grant to second
1-0: Ball
2-0: Fly out, F8 (Flyball, 89XD, EV 80.6 MPH)
Runner from 3rd tags up, SCORES, no throw by CF
Devon Grant to third
Batting: RHB Blake Kelly 0-0: Called Strike
0-1: Foul Ball, location: 2F
0-2: Ball
1-2: Foul Ball, location: 2F
1-2: Ball
2-2: Strikes out swinging
Bottom of the 4th over - 1 run, 0 hits, 0 errors, 1 left on base; Spokane 8 - Mahoning Valley 1
TOP OF THE 5TH
Spokane Indians batting - Pitching for Mahoning Valley Scrappers : RHP Mario del Rio
Batting: RHB Antonio Pacheco 0-0: Ball
1-0: Called Strike
1-1: Called Strike
1-2: Foul Ball, location: 2F
1-2: Ball
2-2: Ball
3-2: Strikes out swinging
Batting: RHB Knud Prins 0-0: Ball
1-0: Called Strike
1-1: Called Strike
1-2: Ball
2-2: Ground out 6-3 (Groundball, 6, EV 78.1 MPH)
Batting: SHB Hatsuo Miura 0-0: Called Strike
0-1: SOLO HOME RUN (Flyball, 89XD, EV 106.9 MPH), Distance : 419 ft
Batting: LHB Akira Yamano 0-0: Fly out, F5 (Popup, 5SF, EV 74.4 MPH)
Top of the 5th over - 1 run, 1 hit, 0 errors, 0 left on base; Spokane 9 - Mahoning Valley 1
BOTTOM OF THE 5TH
Mahoning Valley Scrappers batting - Pitching for Spokane Indians : RHP Tse-peng Kuang
Batting: RHB Gashie Chimsima 0-0: Called Strike
0-1: Called Strike
0-2: Ball
1-2: Strikes out swinging
Batting: RHB Willie Gonzales 0-0: Ball
1-0: Ball
2-0: Ground out 6-3 (Groundball, 6, EV 103.8 MPH)
Batting: LHB John Harring 0-0: Fly out, F9 (Flyball, 89XD, EV 100.0 MPH)
Bottom of the 5th over - 0 runs, 0 hits, 0 errors, 0 left on base; Spokane 9 - Mahoning Valley 1
TOP OF THE 6TH
Spokane Indians batting - Pitching for Mahoning Valley Scrappers : RHP Mario del Rio
Batting: LHB Guo-ning Ren 0-0: Ball
1-0: Ball
2-0: Foul Ball, location: 2F
2-1: Ball
3-1: Base on Balls
Pitching: LHP Victor Garcia
Batting: LHB Silvio Mulder 0-0: Ball
1-0: Ball
2-0: Fly out, F8 (Line Drive, 8RD, EV 91.2 MPH)
Batting: RHB Brian Morrison 0-0: Ball
Guo-ning Ren steals 2nd base
1-0: Foul Ball, location: 2F
1-1: Foul Ball, location: 2F
1-2: Ground out 6-3 (Groundball, 6, EV 91.9 MPH)
Guo-ning Ren to third
Batting: LHB William Hanley 0-0: Ball
1-0: Called Strike
1-1: Ball
2-1: Ball
3-1: Foul Ball, location: 2F
3-2: Strikes out swinging
Top of the 6th over - 0 runs, 0 hits, 0 errors, 1 left on base; Spokane 9 - Mahoning Valley 1
BOTTOM OF THE 6TH
Mahoning Valley Scrappers batting - Pitching for Spokane Indians : RHP Tse-peng Kuang
Batting: RHB Juan Padilla 0-0: Ball
1-0: Called Strike
1-1: Called Strike
1-2: Strikes out swinging
Batting: RHB Ryan Gautney 0-0: Called Strike
0-1: Ball
1-1: Foul Ball, location: 2F
1-2: Ball
2-2: DOUBLE (Line Drive, 78D, EV 107.5 MPH)
Batting: SHB Joe Zeiset 0-0: Ball
1-0: Called Strike
1-1: Ball
2-1: 2-RUN HOME RUN (Flyball, 89XD, EV 101.2 MPH), Distance : 410 ft
Batting: LHB Devon Grant 0-0: Ball
1-0: Swinging Strike
1-1: SINGLE (Line Drive, 5D, EV 98.1 MPH)
Batting: RHB Andy Lewis 0-0: Called Strike
0-1: Foul Ball, location: 2F
0-2: Foul Ball, location: 2F
0-2: Ball
1-2: Ball
2-2: Ball
3-2: Strikes out looking
Batting: RHB Blake Kelly 0-0: Called Strike
0-1: Ball
Devon Grant steals 2nd base
1-1: Foul Ball, location: 2F
1-2: Ball
2-2: SINGLE (Groundball, 56D, EV 95.0 MPH)
Devon Grant to third
Runner from 3rd tries for Home, SAFE, throw by LF to home
Batting: RHB Gashie Chimsima 0-0: Foul Ball, location: 2F
0-1: Swinging Strike
0-2: Strikes out swinging
Bottom of the 6th over - 3 runs, 4 hits, 0 errors, 1 left on base; Spokane 9 - Mahoning Valley 4
TOP OF THE 7TH
Spokane Indians batting - Pitching for Mahoning Valley Scrappers : LHP Victor Garcia
Batting: RHB Roberto Gonzalez 0-0: Ball
1-0: Ball
2-0: Ball
3-0: Called Strike
3-1: Ground out 4-3 (Groundball, 4, EV 87.5 MPH)
Batting: RHB Antonio Pacheco 0-0: Ball
1-0: Foul Ball, location: 2F
1-1: Foul Ball, location: 2F
1-2: Ball
2-2: Ball
3-2: Strikes out swinging
Batting: RHB Knud Prins 0-0: Swinging Strike
0-1: Ball
1-1: Ball
2-1: Called Strike
2-2: Ball
3-2: Foul Ball, location: 2F
3-2: Ground out 5-3 (Groundball, 56, EV 85.0 MPH)
Top of the 7th over - 0 runs, 0 hits, 0 errors, 0 left on base; Spokane 9 - Mahoning Valley 4
BOTTOM OF THE 7TH
Mahoning Valley Scrappers batting - Pitching for Spokane Indians : RHP Tse-peng Kuang
Now at 1B: Kazuo Morita
Now at 2B: Akira Yamano
Now at SS: Alex Vasquez
Batting: RHB Willie Gonzales 0-0: Ground out 6-3 (Groundball, 56D, EV 82.5 MPH)
Batting: LHB John Harring 0-0: Swinging Strike
0-1: Ball
1-1: Called Strike
1-2: Strikes out swinging
Pitching: LHP Alpo Pertusov
Now at 2B: Alex Vasquez
Now at SS: Jose Marquez
Batting: RHB Juan Padilla 0-0: Called Strike
0-1: Ground out U3 (Groundball, 34, EV 97.5 MPH)
Bottom of the 7th over - 0 runs, 0 hits, 0 errors, 0 left on base; Spokane 9 - Mahoning Valley 4
TOP OF THE 8TH
Spokane Indians batting - Pitching for Mahoning Valley Scrappers : LHP Victor Garcia
Batting: SHB Hatsuo Miura 0-0: Foul Ball, location: 2F
0-1: Swinging Strike
0-2: Foul Ball, location: 2F
0-2: Ball
1-2: Strikes out swinging
Batting: RHB Jose Marquez 0-0: Ball
1-0: Ball
2-0: Ball
3-0: Base on Balls
Pitching: LHP J.J. Adkins
Batting: LHB Guo-ning Ren 0-0: Ball
1-0: Ball
2-0: Foul Ball, location: 2F
2-1: Foul Ball, location: 2F
2-2: Ball
3-2: Strikes out swinging
Pinch Hitting: RHB Andy Sheridan 0-0: Called Strike
0-1: Foul Ball, location: 2F
0-2: Ball
Pickoff Throw to First - Out! 1-3
Top of the 8th over - 0 runs, 0 hits, 0 errors, 0 left on base; Spokane 9 - Mahoning Valley 4
BOTTOM OF THE 8TH
Mahoning Valley Scrappers batting - Pitching for Spokane Indians : LHP Alpo Pertusov
Now in CF: Joe Kemp
Batting: RHB Ryan Gautney 0-0: Ground out 5-3 (Groundball, 56S, EV 76.2 MPH)
Batting: SHB Joe Zeiset 0-0: Foul Ball, location: 2F
0-1: Ball
1-1: Foul Ball, location: 2F
1-2: Strikes out swinging
Batting: LHB Devon Grant 0-0: Ball
1-0: SINGLE (Groundball, 6D, EV 107.5 MPH)
Batting: RHB Andy Lewis 0-0: Fly out, F4 (Line Drive, 4, EV 65.6 MPH)
Bottom of the 8th over - 0 runs, 1 hit, 0 errors, 1 left on base; Spokane 9 - Mahoning Valley 4
TOP OF THE 9TH
Spokane Indians batting - Pitching for Mahoning Valley Scrappers : LHP J.J. Adkins
Batting: RHB Joe Kemp 0-0: Ball
1-0: Foul Ball, location: 2F
1-1: Ground out 4-3 (Groundball, 4M, EV 81.9 MPH)
Batting: RHB Kazuo Morita 0-0: Fly out, F9 (Line Drive, 9, EV 98.1 MPH)
Batting: LHB William Hanley 0-0: Foul Ball, location: 2F
0-1: Ball
1-1: Ball
2-1: Fly out, F8 (Line Drive, 8LM, EV 89.4 MPH)
Top of the 9th over - 0 runs, 0 hits, 0 errors, 0 left on base; Spokane 9 - Mahoning Valley 4
BOTTOM OF THE 9TH
Mahoning Valley Scrappers batting - Pitching for Spokane Indians : LHP Alpo Pertusov
Batting: RHB Blake Kelly 0-0: Ball
1-0: Foul Ball, location: 2F
1-1: Fly out, F9 (Flyball, 9, EV 90.6 MPH)
Batting: RHB Gashie Chimsima 0-0: Swinging Strike
0-1: Called Strike
0-2: SINGLE (Line Drive, 7LS, EV 110.6 MPH)
Batting: RHB Willie Gonzales 0-0: Hit by Pitch
Gashie Chimsima to second
Batting: LHB John Harring 0-0: Called Strike
0-1: Swinging Strike
0-2: Ball
1-2: Ball
2-2: Strikes out swinging
Batting: RHB Juan Padilla 0-0: Called Strike
0-1: Called Strike
0-2: Ball
1-2: Fly out, F1 (Line Drive, P, EV 66.2 MPH)
Bottom of the 9th over - 0 runs, 1 hit, 0 errors, 2 left on base; Spokane 9 - Mahoning Valley 4
Thursday, March 31st , 2022 - OOTP Baseball 22.12 Build 89